 Dungeon Crawl Stone Soup version 0.31.0-11-ge490571c62 (webtiles) character file.

Game seed: 5982482387824824362

98 Arctor the Firebug (level 4, -6/36 HPs)
             Began as a Deep Elf Fire Elementalist on Feb 2, 2024.
             Killed by divine providence
             ... invoked by an orc priest
              (13 damage)
             ... on level 3 of the Dungeon.
             The game lasted 00:01:18 (2491 turns).

Arctor the Firebug (Deep Elf Fire Elementalist)     Turns: 2491, Time: 00:01:19

Health: -6/36      AC: 22    Str:  5    XL:     4   Next: 44%
Magic:  0/11       EV:  2    Int: 22    God:
Gold:   149        SH:  0    Dex: 15    Spells: 4/10 levels left

rFire   . . .        (no weapon)
rCold   . . .        (no shield)
rNeg    . . .        a - melded +0 robe
rPois   +            (helmet currently unavailable)
rElec   .            (cloak currently unavailable)
rCorr   .            (gloves currently unavailable)
SInv    .            (boots currently unavailable)
Will    +....        (no amulet)
Stlth   ++           (no ring)
HPRegen 0.26/turn    (no ring)
MPRegen 0.12/turn

%: no passive effects
@: tree-form, enlightened
A: stationary, stasis, torment immunity, boosted hp
a: no special abilities


You were on level 3 of the Dungeon.
You were a tree.
You visited 1 branch of the dungeon, and saw 3 of its levels.

You collected 149 gold pieces.

Inventory:

Armour
 a - a +0 robe (melded)
Jewellery
 l - an amulet of faith
Scrolls
 d - a scroll of immolation {unknown}
 f - a scroll of torment {unknown}
 i - a scroll of poison {unknown}
 k - a scroll of revelation {unknown}
 m - 2 scrolls of identify {unknown}
Potions
 b - a potion of magic
 c - 3 potions of curing
 h - a potion of attraction {unknown}
 j - a potion of brilliance {unknown}
 n - a potion of mutation {unknown}


   Skills:
 + Level 3.4 Dodging
 + Level 3.4 Stealth
 + Level 3.8 Spellcasting
 + Level 2.2 Conjurations
 + Level 3.9 Fire Magic


You had 4 spell levels left.
You knew the following spells:

 Your Spells              Type           Power      Damage    Failure   Level
a - Foxfire               Conj/Fire      68%        2x1d7     3%          1
b - Scorch                Fire           42%        2d6       3%          2
c - Volatile Blastmotes   Fire/Tloc      24%        2d12      16%         3

Your spell library contained the following spells:

 Spells                   Type           Power      Damage    Failure   Level
 Sting                    Conj/Alch      36%        1d5       7%          1
 Apportation              Tloc           8%         N/A       12%         1
 Necrotise                Necr           16%        1d4       12%         1
 Summon Small Mammal      Summ           16%        N/A       12%         1
 Inner Flame              Hex/Fire       12%        N/A       16%         3
 Flame Wave               Conj/Fire      17%        2d7       32%         4
 Passage of Golubria      Tloc           4%         N/A       75%         4
 Vhi's Electric Charge    Tloc/Air       8%         N/A       75%         4
 Arcjolt                  Conj/Air       4%         1d14      89%         5
 Silence                  Hex/Air        2%         N/A       97%         5
 Lehudib's Crystal Spear  Conj/Erth      4%         10d3      100%        8
 Maxwell's Capacitive Co  Air            2%         ∞         100%        8


Dungeon Overview and Level Annotations

Branches:
Dungeon (3/15)

Altars:
Qazlal
Ru


Message History

The orc priest misses you.
Items here: ! ( )) [ †.
The orc priest invokes the aid of Beogh against you.
Beogh smites you!
* * * LOW HITPOINT WARNING * * *
It was a potion of enlightenment.
You feel very buoyant.
You fly up into the air.
The orc priest misses you.
The orc priest begins to cast a cantrip, but forgets the words!
It was a potion of lignification.
You turn into a tree.
Your +0 robe melds into your body.
Your roots penetrate the ground.
You barely miss the orc priest. The orc priest hits you with a +0 club.
* * * LOW HITPOINT WARNING * * *
You hit the orc priest.
The orc priest is moderately wounded.
The orc priest hits you but does no damage.
You closely miss the orc priest.
The orc priest is moderately wounded.
The orc priest hits you but does no damage.
You closely miss the orc priest.
The orc priest is moderately wounded.
The orc priest hits you but does no damage.
You hit the orc priest.
The orc priest is heavily wounded.
The orc priest hits you but does no damage.
Casting: Scorch (safe; 3% risk of failure)
Confirm with . or Enter, or press ? or * to list all spells.
Flames lash the orc priest.
The orc priest is severely wounded.
The orc priest's fire resistance burns away.
The orc priest miscasts a cantrip.
The orc priest hits you but does no damage.
You hit the orc priest but do no damage.
The orc priest is heavily wounded.
The orc priest hits you but does no damage.
You hit the orc priest but do no damage.
The orc priest is heavily wounded.
The orc priest mumbles some strange prayers to Beogh against you.
Beogh smites you!
You die...

# #8## ...8## ####
### ....##### #..
..# ...._#..# #.#
#.#
....##..####.#####.#
...8###.........♣oo#
#8 #.####.#####)#
#### #.###..## #.)#
#..###.............
#........####.####.#
##.###....# .... .#
#.........#.. .. .#
.#####....#. ... .#
#######..... .#


You could see 2 orc priests.

Vanquished Creatures
  An orc priest (D:3)
  An orc wizard (D:3)
  An adder (D:2)
  4 orcs (D:3)
  A ball python (D:3)
  4 bats
  3 endoplasms
  A giant cockroach (D:2)
  4 hobgoblins (D:2)
  2 jackals (D:3)
  5 kobolds
  A quokka (D:3)
  2 frilled lizards (D:1)
  2 rats
32 creatures vanquished.

Vanquished Creatures (others)
  197 foxfires
197 creatures vanquished.

Grand Total: 229 creatures vanquished

Notes
Turn   | Place    | Note
-------+----------+-------------------------------------------
     0 | D:1      | Arctor the Deep Elf Fire Elementalist began the quest for
                  | the Orb.
     0 | D:1      | Reached XP level 1. HP: 10/10 MP: 6/6
   561 | D:1      | Reached XP level 2. HP: 15/15 MP: 5/8
   577 | D:2      | Learned a level 2 spell: Scorch
  1170 | D:2      | Reached XP level 3. HP: 19/19 MP: 2/9
  1325 | D:2      | Learned a level 3 spell: Volatile Blastmotes
  1619 | D:3      | Found a sacrificial altar of Ru.
  2449 | D:3      | Found a stormy altar of Qazlal.
  2475 | D:3      | Reached XP level 4. HP: 16/24 MP: 5/11
  2491 | D:3      | Killed from afar by an orc priest

Illustrated notes

Levels and vault maps discovered:
D:1:      amcnicky_arrival_underground_garden, layout_rooms,
          minmay_misc_feat_hallway
D:2:      layout_basic
D:3:      layout_loops_ring, nicolae_overflow_crystal_walls,
          nicolae_overflow_hidden_temple, old_standard_altar

Skill      XL: |  1  2  3 |
---------------+----------+-----
Stealth        | 3 |  3.4
Dodging        | 3 |  3.4
Conjurations   | 2 |  2.2
Spellcasting   | |  3.8
Fire Magic     | |  3.9

Action                     |  1- 3 |  4- 6 || total
---------------------------+-------+-------++-------
  Melee: Unarmed           |    14 |     7 ||    21
   Cast: Foxfire           |   124 |     1 ||   125
         Scorch            |     7 |     3 ||    10
    Use: Potion            |       |     3 ||     3
 Armour: Robe              |    14 |       ||    14
         Skin              |       |     7 ||     7
  Dodge: Dodged            |    12 |     2 ||    14
